 Dungeon Crawl Stone Soup version 0.22.1-2-g9c5b331383 (webtiles) character file.

205 Mysteryquy the Chopper (level 5, -1/41 HPs)
             Began as a Demonspawn Fighter on Nov 13, 2018.
             Killed by divine providence
             ... invoked by an orc priest
              (11 damage)
             ... on level 4 of the Dungeon.
             The game lasted 00:03:39 (2853 turns).

Mysteryquy the Chopper (Demonspawn Fighter)         Turns: 2853, Time: 00:03:40

Health: -1/41      AC: 12    Str: 22    XL:     5   Next: 52%
Magic:  5/5        EV:  8    Int:  9    God:
Gold:   190        SH:  9    Dex: 13    Spells: 4/4 levels left

rFire    . . .     SeeInvis .   a - +0 war axe
rCold    . . .     Gourm    .   c - +0 shield
rNeg     . . .     Faith    .   b - +0 scale mail
rPois    .         Spirit   .   (no helmet)
rElec    .         Reflect  .   (no cloak)
rCorr    .         Harm     .   (no gloves)
MR       .....                  (no boots)
Stlth    ..........             (no amulet)
HPRegen  0.13/turn              (no ring)
MPRegen  0.09/turn              (no ring)

@: mighty, sanguine armour
A: powered by pain 1, sanguine armour 1
a: no special abilities


You were on level 4 of the Dungeon.
You were not hungry.

You visited 1 branch of the dungeon, and saw 4 of its levels.

You collected 190 gold pieces.

Inventory:

Hand Weapons
 a - a +0 war axe (weapon)
 h - a +0 hunting sling
Armour
 b - a +0 scale mail (worn)
 c - a +0 shield (worn)
Jewellery
 g - a cursed -3 ring of intelligence {unknown}
 p - a cursed -4 ring of protection {unknown}
 r - a cursed -2 ring of strength {unknown}
Scrolls
 e - 8 scrolls of identify {unknown}
 i - a scroll of noise {unknown}
 k - 2 scrolls of remove curse {unknown}
 l - a scroll of enchant armour {unknown}
 m - a scroll of magic mapping {unknown}
 q - a scroll of teleportation {unknown}
Potions
 j - a potion of heal wounds {unknown}
 n - a potion of agility {unknown}
 o - a potion of ambrosia {unknown}
 s - a potion of haste {unknown}
 t - a potion of curing {unknown}
 u - a potion of lignification {unknown}
Comestibles
 d - a chunk of flesh
 f - 7 rations


   Skills:
 + Level 3.4 Fighting
 + Level 3.6 Axes
 + Level 3.3 Armour
 + Level 1.4 Dodging
 + Level 3.4 Shields


You had 4 spell levels left.
You didn't know any spells.
Your spell library was empty.

Dungeon Overview and Level Annotations

Branches:
Dungeon (4/15)
 Temple: D:4-7

Altars:
Hepliaklqana
Qazlal
Vehumet
Xom
The Shining One


Innate Abilities, Weirdness & Mutations

You sometimes gain a little power by taking damage.
When seriously injured, your bleeding wounds create armour. (AC +6)


Message History

An orc comes into view. It is wielding a hand axe.
The orc hits you but does no damage.
Your scale mail prevents you from hitting the orc.
You closely miss the orc. The orc hits you with a mace.
You barely miss the orc. You block the orc's attack.
The orc priest calls down the wrath of Beogh upon you.
Beogh smites you!
Your blood congeals into armour.
You closely miss the orc. You block the orc's attack.
You closely miss the orc. You block the orc's attack.
Okay, then.
The orc priest mumbles some strange prayers to Beogh against you.
Beogh smites you!
* * * LOW HITPOINT WARNING * * *
You focus on the pain.
You feel very mighty all of a sudden.
The orc priest miscasts a cantrip.
The orc hits you but does no damage.
The orc priest invokes the aid of Beogh against you.
Beogh smites you!
You die...

..................# .
#................# #.... ..
##...........#...## ##....
..###............#....# #...#
......................###..#
............#.........##...######
.........#...#........##.........
.......####...##..<.............†
......## ##...#@...............#
.....## ##...........[.....###
#...## ##oo.............## ##..##
#...............## ##..#
##o.............## #..##
#...............# ##..#
##...............#
#..#####o..................
#...o..o....................


You could see an orc priest and 3 orcs.

Vanquished Creatures
  A scorpion (D:4)
  A hound (D:3)
  5 adders
  2 oozes
  An adder skeleton (D:4)
  2 worms (D:3)
  A dart slug (D:2)
  An orc (D:3)
  3 giant cockroaches
  9 goblins
  8 hobgoblins
  3 jackals (D:1)
  4 kobolds
  A quokka (D:2)
  8 bats
  5 frilled lizards
  4 rats
59 creatures vanquished.

Notes
Turn   | Place    | Note
-------+----------+-------------------------------------------
     0 | D:1      | Mysteryquy the Demonspawn Fighter began the quest for the
                  | Orb.
     0 | D:1      | Reached XP level 1. HP: 18/18 MP: 1/1
    43 | D:1      | Gained mutation: When seriously injured, your bleeding
                  | wounds create armour. (AC +6) [demonic ancestry]
    43 | D:1      | Reached XP level 2. HP: 13/24 MP: 2/2
   217 | D:1      | Found a glowing golden altar of the Shining One.
   577 | D:1      | Gained mutation: You sometimes gain a little power by
                  | taking damage. [demonic ancestry]
   577 | D:1      | Reached XP level 3. HP: 28/29 MP: 3/3
  1109 | D:2      | Found a shimmering altar of Xom.
  1111 | D:2      | Found a bloodstained altar of Trog.
  1111 | D:2      | Found a hazy altar of Hepliaklqana.
  1113 | D:2      | Found a burning altar of Makhleb.
  1113 | D:2      | Found a radiant altar of Vehumet.
  1113 | D:2      | Found an opulent altar of Gozag.
  1735 | D:2      | Reached XP level 4. HP: 33/35 MP: 4/4
  2223 | D:3      | Found a stormy altar of Qazlal.
  2543 | D:4      | Reached XP level 5. HP: 17/41 MP: 5/5
  2682 | D:3      | Reached skill level 1 in Dodging
  2853 | D:4      | Killed from afar by an orc priest

Skill      XL: |  1  2  3  4  5 |
---------------+----------------+-----
Axes           | 2 3 |  3.6
Armour         | 3 |  3.3
Shields        | 3 |  3.4
Dodging        | 1 |  1.4
Fighting       | |  3.4

Action                   |  1- 3 |  4- 6 || total
-------------------------+-------+-------++-------
Melee: War axe           |   132 |    91 ||   223
  Use: Potion            |       |     1 ||     1
  Eat: Ration            |     1 |       ||     1
       Chunk             |       |     3 ||     3
Armor: Scale mail        |    70 |    41 ||   111
Dodge: Dodged            |    39 |    37 ||    76
Block: Shield            |    75 |    39 ||   114
